AoeStats
← dundergubbe

Arabia

510149693Analyzed
2v2 RM · 3d ago on Sep 29, 2026· 65m 6s· 4 players
Game mode
Random Map
Map size
Medium (4 player)
Population
200
Speed
Normal
Resources
Standard
Victory
Conquest
Starting age
Dark Age
Ending age
Imperial Age
RankedLock teamsTeams togetherTeam positionsShared explorationLock speedFull tech treeHidden civsTurbo modeCheats
Victory
Defeat
🇫🇮 Maya · Finland
883
+13
🇮🇱 Celts · Israel
781
+18
🇹🇷 Khmer · Türkiye
853
-17
🇹🇷 Persians · Türkiye
786
-14
Fatih
8:04 Loom
10:37 Feudal Age
14:57 Castle Age
17:01 Horse Collar
18:21 Double-Bit Axe
21:37 Bow Saw
23:32 Heavy Plow
24:24 Wheelbarrow
25:40 Hand Cart
25:57 Stone Mining
25:58 Gold Mining
28:13 Gold Shaft Mining
28:16 Stone Shaft Mining
28:23 Bloodlines
28:18 Husbandry
28:26 Scale Barding Armor
28:32 Forging
28:12 Fletching
29:51 Chain Barding Armor
29:18 Light Cavalry
31:54 Iron Casting
36:35 Imperial Age
35:50 Bodkin Arrow
36:07 Light Cavalry
37:02 Padded Archer Armor
36:50 Town Watch
37:55 Plate Barding Armor
38:20 Blast Furnace
36:42 Cavalier
38:30 Conscription
41:39 Crop Rotation
41:47 Elite Skirmisher
42:29 Bracer
42:45 Leather Archer Armor
42:52 Double Crossbow
42:52 Tusk Swords
44:15 Heavy Scorpion
45:36 Ballistics
46:40 Chemistry
48:55 Ring Archer Armor
48:44 Hussar
56:38 Scale Mail Armor
57:12 Man-at-Arms
57:39 Arson
58:24 Chain Mail Armor
58:13 Long Swordsman
58:14 Pikeman
58:55 Two-Handed Swordsman
60:07 Halberdier
zeQ
9:43 Loom
27:26 Feudal Age
40:20 Castle Age
40:50 Elite Skirmisher
43:27 Scale Mail Armor
43:30 Padded Archer Armor
43:24 Fletching
45:39 Leather Archer Armor
45:20 Bodkin Arrow
45:41 Chain Mail Armor
46:50 Double-Bit Axe
50:17 Bow Saw
dundergubbe
9:04 Loom
10:53 Feudal Age
17:02 Scale Mail Armor
19:26 Castle Age
18:13 Horse Collar
19:39 Double-Bit Axe
20:57 Eagle Warrior
21:41 Squires
26:15 Forging
26:05 Arson
27:25 Padded Archer Armor
27:43 Chain Mail Armor
28:05 Heavy Plow
32:32 Iron Casting
32:48 Wheelbarrow
36:02 Pikeman
39:41 Murder Holes
45:36 Imperial Age
45:47 Elite Eagle Warrior
48:38 Conscription
52:20 Holcans
52:52 Halberdier
55:13 Plate Mail Armor
55:44 Blast Furnace
61:43 Fletching
63:00 Chemistry
62:23 Ballistics
64:06 Onager
OutStaff
15:03 Feudal Age
14:26 Loom
17:57 Double-Bit Axe
28:17 Horse Collar
33:26 Man-at-Arms
33:53 Arson
36:01 Scale Mail Armor
36:18 Forging
38:30 Castle Age
36:59 Fletching
38:58 Pikeman
40:58 Wheelbarrow
40:24 Bodkin Arrow
42:10 Stronghold
43:29 Bow Saw
45:21 Gambesons
47:12 Long Swordsman
50:25 Chain Mail Armor
52:48 Iron Casting
55:07 Heavy Plow
55:44 Bodkin Arrow
58:21 Masonry
64:15 Gold Mining
Connection lost

Rejoining the realm…

Still unreachable

The connection could not be restored.

Session expired

The server has moved on; the page needs a fresh start.